 Dungeon Crawl Stone Soup version 0.31-a0-667-g39726597b9 (webtiles) character file.

Game seed: 852980676445177567

89124 garrulousMonolith the Bludgeoner (level 15, -2/99 HPs)
             Began as a Gargoyle Fighter on Sept 4, 2023.
             Was the Champion of the Shining One.
             Slain by a naga mage
             ... wielding a +0 halberd
              (11 damage)
             ... on level 1 of the Snake Pit.
             The game lasted 00:29:11 (23534 turns).

garrulousMonolith the Bludgeoner (GrFi)            Turns: 23534, Time: 00:29:11

Health: -2/99      AC: 32    Str: 27    XL:     15   Next: 96%
Magic:  24/24      EV:  7    Int: 12    God:    the Shining One [******]
Gold:   1987       SH: 18    Dex: 15    Spells: 14/14 levels left

rFire   + + .        m - +7 eveningstar "Itodwygall" {holy, rPois Int+3 Dex+4}
rCold   . . .        H - +0 kite shield
rNeg    + + +        c - +0 plate armour
rPois   ∞            u - +0 helmet
rElec   +            (no cloak)
rCorr   .            h - +0 pair of gloves
SInv    .            t - +0 pair of boots
Will    +....        Q - amulet of reflection Stlth
                     W - ring of protection from fire
HPRegen 0.36/turn    U - ring "Gaumoil" {rF+ Str+5 Int-3}
MPRegen 0.19/turn

%: reflection
@: flying, glowing
A: sickness immunity, AC +11, big wings, negative energy resistance 1,
electricity resistance, torment resistance 1, petrification resistance
a: Renounce Religion, Divine Shield, Cleansing Flame, Summon Divine Warrior,
Brand Weapon With Holy Wrath


You were on level 1 of the Snake Pit.
You worshipped the Shining One.
The Shining One was exalted by your worship.
You visited 4 branches of the dungeon, and saw 23 of its levels.
You also visited: Sewer.

You collected 2117 gold pieces.
You spent 130 gold pieces at shops.

Inventory:

Hand Weapons
 m - the +7 eveningstar "Itodwygall" (weapon) {holy, rPois Int+3 Dex+4}
   (You acquired it on level 6 of the Dungeon)

   Int+3:     It affects your intelligence (+3).
   Dex+4:     It affects your dexterity (+4).
   rPois:     It protects you from poison
 C - the +8 mace of Anger {flame, rC+}
   (You found it on level 2 of the Lair of Beasts)

   rC+:       It protects you from cold.
Missiles
 l - 41 poisoned darts
 n - 4 throwing nets
 y - 8 curare-tipped darts (quivered)
 I - 2 silver javelins
Armour
 c - a +0 plate armour (worn)
 h - a +0 pair of gloves (worn)
 t - a +0 pair of boots (worn)
 u - a +0 helmet (worn)
 H - a +0 kite shield (worn)
 P - a +0 crystal plate armour
Jewellery
 F - a ring of resist corrosion
 Q - an amulet of reflection (around neck)
 U - the ring "Gaumoil" (right hand) {rF+ Str+5 Int-3}
   (You found it on level 4 of the Lair of Beasts)

   [ring of protection from fire]

   Str+5:     It affects your strength (+5).
   Int-3:     It affects your intelligence (-3).
   rF+:       It protects you from fire.
 V - the amulet "Gutwoitoa" {Regen+ Stlth+}
   (You found it on level 11 of the Dungeon)

   [amulet of regeneration]

   Regen+:    It increases your rate of health regeneration.
   Stlth+:    It makes you more stealthy.
 W - a ring of protection from fire (left hand)
Talismans
 G - a dragon-blood talisman
Wands
 a - a wand of mindburst (13)
 j - a wand of quicksilver (3)
 x - a wand of iceblast (16)
 L - a wand of flame (44)
 S - a wand of charming (7)
Scrolls
 d - a scroll of butterflies
 e - 5 scrolls of fog
 f - 4 scrolls of amnesia
 i - 4 scrolls of vulnerability
 p - a scroll of enchant armour
 v - 4 scrolls of noise
 A - 3 scrolls of enchant weapon
 B - 5 scrolls of immolation
 R - 4 scrolls of teleportation
 T - a scroll of revelation
 Y - a scroll of poison
 Z - 5 scrolls of identify
Potions
 b - 3 potions of invisibility
 g - 4 potions of haste
 k - 4 potions of curing
 q - 5 potions of enlightenment
 r - 3 potions of attraction
 s - 2 potions of mutation
 z - 2 potions of brilliance
 E - 3 potions of berserk rage
 J - 2 potions of cancellation
 M - 3 potions of might
 N - 2 potions of ambrosia
 O - 3 potions of lignification


   Skills:
 + Level 13.4 Fighting
 - Level 16.0 Maces & Flails
 + Level 13.5 Armour
 + Level 0.1 Dodging
 * Level 13.1 Shields
 + Level 12.6 Invocations


You had 14 spell levels left.
You didn't know any spells.
Your spell library contained the following spells:

 Spells                   Type           Power      Damage    Failure   Level
 Apportation              Tloc           0%         N/A       98%         1
 Magic Dart               Conj           0%         1d3       98%         1
 Necrotise                Necr           0%         1d4       98%         1
 Sandblast                Erth           0%         2d4       98%         1
 Summon Small Mammal      Summ           0%         N/A       98%         1
 Ensorcelled Hibernation  Hex/Ice        0%         N/A       99%         2
 Lesser Beckoning         Tloc           0%         N/A       99%         2
 Passwall                 Tmut/Erth      0%         N/A       99%         2
 Searing Ray              Conj           0%         2d4       99%         2
 Wereblood                Tmut           0%         N/A       99%         2
 Call Canine Familiar     Summ           0%         N/A       100%        3
 Gell's Gravitas          Tloc           0%         N/A       100%        3
 Inner Flame              Hex/Fire       0%         N/A       100%        3
 Ozocubu's Armour         Ice            0%         N/A       100%        3
 Stone Arrow              Conj/Erth      0%         3d7       100%        3
 Summon Guardian Golem    Hex/Summ       0%         N/A       100%        3
 Teleport Other           Tloc           0%         N/A       100%        3
 Tukima's Dance           Hex            0%         N/A       100%        3
 Anguish                  Hex/Necr       0%         N/A       100%        4
 Flame Wave               Conj/Fire      0%         2d4       100%        4
 Fulminant Prism          Conj/Hex       0%         3d5       100%        4
 Passage of Golubria      Tloc           0%         N/A       100%        4
 Sticky Flame             Conj/Fire      0%         2d3       100%        4
 Vhi's Electric Charge    Tloc/Air       0%         N/A       100%        4
 Alistair's Intoxication  Tmut/Pois      0%         N/A       100%        5
 Arcjolt                  Conj/Air       0%         1d10      100%        5
 Borgnjor's Vile Clutch   Necr/Erth      0%         N/A       100%        5
 Irradiate                Conj/Tmut      0%         3d11      100%        5
 Yara's Violent Unravell  Hex/Tmut       0%         3d3       100%        5
 Eringya's Noxious Bog    Tmut/Pois      0%         4d6       100%        6
 Ozocubu's Refrigeration  Ice            0%         4d7       100%        7
 Summon Hydra             Summ           0%         N/A       100%        7
 Maxwell's Capacitive Co  Air            0%         ∞         100%        8
 Sublimation of Blood     Necr           Unusable   N/A       N/A         2

Dungeon Overview and Level Annotations

Branches:
Dungeon (15/15)            Temple (1/1) D:6            Lair (5/5) D:10
 Shoals (0/4) Lair:3        Snake (2/4) Lair:3        Slime (0/5) Lair:4
    Orc (0/2) D:11         Vaults (0/5) D:13         Depths (0/4) D:15
  Sewer (visited)

Altars:
Ashenzari
Cheibriados
Dithmenos
Elyvilon
Fedhas
Gozag
Hepliaklqana
Kikubaaqudgha
Makhleb
Nemelex Xobeh
Okawaru
Qazlal
Ru
Sif Muna
Trog
Uskayaw
Vehumet
Wu Jian
Xom
Yredelemnul
Zin
The Shining One
Jiyva

Shops:
D:1 !   D:5 *   D:12 =:

Portals:
Trove: D:13 (give +4 fire dragon scales)


Innate Abilities, Weirdness & Mutations

You are immune to sickness and miasma.
Your stone body is resilient. (AC +11)
You are immune to poison.
Your large and strong wings let you fly.
You resist negative energy. (rN+)
You are resistant to electric shocks. (rElec)
You are resistant to unholy torment.
You are immune to petrification.


Message History

The naga warrior is heavily wounded.
The naga mage hits you from afar with a +0 halberd!!
The naga mage gestures at you while chanting.
The bolt of poison hits the naga!
The bolt of poison misses you. The naga attacks as it pursues you!
The naga closely misses you. The naga barely misses you.
Things that are here:
a +2 long sword of flaming; a black mamba corpse You bludgeon the naga!!
You kill the naga!
The naga warrior spits poison at you. The splash of poison misses you.
The naga mage casts a spell.
The naga mage seems to speed up.
The naga warrior hits you with a +0 dire flail.
You block the naga warrior's attack.
Things that are here:
a +0 flail; a naga corpse You barely miss the naga warrior.
The naga warrior is moderately wounded.
The naga mage hits you from afar with a +0 halberd!!
* * * LOW HITPOINT WARNING * * *
You impale the naga warrior!!
The naga warrior is severely wounded.
You block the naga mage's attack. You block the naga warrior's attack.
The naga warrior grabs you. The naga warrior constricts you.
You barely miss the naga warrior.
The naga warrior is severely wounded.
You block the naga mage's attack. The naga warrior spits poison at you.
The splash of poison hits you but does no damage.
You resist. The naga warrior constricts you.
* * * LOW HITPOINT WARNING * * *
You impale the naga warrior!!
You kill the naga warrior!
The naga mage spits poison at you.
The splash of poison hits you but does no damage.
You resist.
The naga mage hits you from afar with a +0 halberd!
You die...

#..........###.## ##
#...............#####
#........#####......#
#........'......)...#
#........######.....#
#.###+#### #.....#
#.##### #)# #@# #)#
#..N..(...#
..'..........
#...#.......... #..
#.......... #.
#.........# #
#.........#
#.........#


You could see a naga mage (fast, strong, catching breath).

Vanquished Creatures
  Snorg (D:14)
  A fire dragon (D:15)
  2 vault guards (D:13)
  A rakshasa (D:15)
  6 hydras
  4 anacondas
  A centaur warrior (D:14)
  2 two-headed ogres
  3 naga warriors (Snake:1)
  A boulder beetle (D:15)
  9 death yaks (D:10)
  2 tengu warriors (D:14)
  A shock serpent (Snake:1)
  2 skysharks
  A salamander mystic (Snake:1)
  Lodul (D:10)
  A wizard (D:15)
  2 sea snakes (Snake:1)
  A glowing orange brain (D:15)
  2 naga ritualists (Snake:1)
  A deep elf pyromancer (D:14)
  11 ugly things
  5 mana vipers (Snake:1)
  2 salamanders
  3 cyclopes
  4 manticores
  A guardian serpent (Snake:2)
  11 elephants
  11 black mambas
  Joseph (D:8)
  Maggie (D:7)
  5 naga magi
  2 unseen horrors (D:12)
  An unseen horror (shapeshifter) (D:13)
  3 gargoyles
  6 rime drakes
  16 cane toads
  4 kobold demonologists
  8 komodo dragons
  A yaktaur (D:15)
  A komodo dragon (shapeshifter) (D:13)
  4 tengu conjurers
  6 polar bears
  2 trolls
  6 hornets (Lair:5)
  19 blink frogs
  A dream sheep (Lair:5)
  9 slime creatures
  A fire elemental (Lair:3)
  13 spriggans (Lair:5)
  A culicivora (shapeshifter) (D:15)
  2 shadows
  A wraith (D:11)
  2 vampires
  29 yaks
  2 basilisks
  4 wyverns
  9 humans (D:13)
  A steam dragon (D:9)
  16 vampire mosquitoes
  12 nagas
  17 water moccasins
  A swamp drake (D:11)
  A floating eye (shapeshifter) (D:15)
  6 black bears
  An ice beast (D:6)
  7 orc warriors
  27 wolves
  8 ogres
  4 boggarts (Lair:5)
  7 centaurs
  9 kobold brigands
  5 scorpions
  A gnoll sergeant (D:10)
  8 bullfrogs
  20 wights
  11 killer bees
  2 electric eels
  A crimson imp (D:5)
  5 howler monkeys
  6 hounds
  7 orc priests
  3 jellies (D:15)
  A gnoll bouda (D:5)
  5 iguanas
  2 sleepcaps (D:7)
  20 orc wizards
  13 gnolls
  3 river rats (Sewer)
  12 adders
  A shadow imp (D:8)
  2 white imps
  5 worms
  4 dart slugs
  51 orcs
  9 bats
  7 endoplasms
  5 giant cockroaches
  4 hobgoblins
  13 jackals
  19 kobolds
  2 quokkas (D:2)
  11 ball pythons
  3 frilled lizards
  6 goblins
  5 rats
642 creatures vanquished.

Vanquished Creatures (others)
  A human (D:13)
1 creature vanquished.

Grand Total: 643 creatures vanquished

Notes
Turn   | Place    | Note
-------+----------+-------------------------------------------
     0 | D:1      | garrulousMonolith the Gargoyle Fighter began the quest for
                  | the Orb.
     0 | D:1      | Reached XP level 1. HP: 14/14 MP: 1/1
   147 | D:1      | Reached XP level 2. HP: 19/19 MP: 2/2
   578 | D:1      | Reached skill level 1 in Invocations
   578 | D:1      | Reached XP level 3. HP: 23/23 MP: 3/3
   716 | D:1      | Found Kyeprul's Distillery.
   725 | D:1      | Bought a potion of curing for 30 gold pieces
  1143 | D:2      | Reached XP level 4. HP: 28/28 MP: 3/5
  1199 | D:2      | Reached skill level 3 in Maces & Flails
  1758 | D:3      | Reached XP level 5. HP: 30/33 MP: 6/6
  2376 | D:1      | Bought 2 potions of heal wounds for 100 gold pieces
  2543 | D:4      | Reached XP level 6. HP: 23/38 MP: 7/7
  2560 | D:4      | Found an opulent altar of Gozag.
  2742 | D:4      | Found a glowing drain.
  2759 | D:4      | Reached skill level 4 in Maces & Flails
  2861 | Sewer    | Entered a sewer
  3020 | Sewer    | Reached XP level 7. HP: 42/44 MP: 9/9
  3174 | Sewer    | Reached skill level 5 in Maces & Flails
  3240 | Sewer    | Reached skill level 5 in Fighting
  3240 | Sewer    | Reached skill level 5 in Armour
  3277 | Sewer    | Reached skill level 5 in Shields
  3320 | Sewer    | Reached XP level 8. HP: 49/49 MP: 10/10
  4047 | D:4      | Found a snail-covered altar of Cheibriados.
  4411 | D:4      | Reached skill level 6 in Maces & Flails
  4532 | D:5      | Entered Level 5 of the Dungeon
  4621 | D:5      | You fall into a shaft and drop 1 floor!
  5383 | D:5      | Reached XP level 9. HP: 55/55 MP: 12/12
  5526 | D:5      | Found Rujug's Assorted Antiques.
  5559 | D:5      | Found a broken altar of Ashenzari.
  5574 | D:5      | Found a glowing golden altar of the Shining One.
  5575 | D:5      | Found a sacrificial altar of Ru.
  5575 | D:5      | Found a blossoming altar of Fedhas.
  5582 | D:5      | Became a worshipper of the Shining One
  5734 | D:5      | Reached skill level 7 in Maces & Flails
  6039 | D:6      | Reached skill level 5 in Invocations
  6556 | D:6      | Found a staircase to the Ecumenical Temple.
  6562 | Temple   | Entered the Ecumenical Temple
  6770 | D:6      | Identified a scroll of acquirement
  6770 | D:6      | Acquired the +7 eveningstar "Itodwygall" {holy, rPois Int+3
                  | Dex+4}
  6917 | D:7      | Reached skill level 8 in Maces & Flails
  7025 | D:7      | Noticed Maggie
  7037 | D:7      | Killed Maggie
  7038 | D:7      | Reached XP level 10. HP: 52/63 MP: 11/14
  7166 | D:7      | Reached * piety under the Shining One
  7193 | D:7      | Found a hide-covered altar of Uskayaw.
  7504 | D:7      | Found a shimmering blue altar of Sif Muna.
  8166 | D:8      | Reached skill level 9 in Maces & Flails
  8172 | D:8      | Reached ** piety under the Shining One
  8208 | D:8      | Noticed Joseph
  8221 | D:8      | Killed Joseph
  8380 | D:8      | Noticed a cyan ugly thing
  8390 | D:8      | Killed a cyan ugly thing
  8932 | D:9      | Noticed a two-headed ogre
  8942 | D:9      | Killed a two-headed ogre
  9083 | D:9      | Reached XP level 11. HP: 68/68 MP: 16/16
  9159 | D:9      | Reached skill level 10 in Maces & Flails
  9341 | D:9      | Identified the +1 chain mail of Midnight {Regen+}
  9472 | D:10     | Entered Level 10 of the Dungeon
  9491 | D:10     | Noticed a two-headed ogre
  9496 | D:10     | Killed a two-headed ogre
  9607 | D:10     | Reached *** piety under the Shining One
  9620 | D:10     | Noticed Lodul
  9633 | D:10     | Killed Lodul
  9637 | D:10     | Noticed a death yak
  9641 | D:10     | Noticed a death yak
  9642 | D:10     | Noticed a death yak
  9644 | D:10     | Noticed a death yak
  9645 | D:10     | Noticed a death yak
  9645 | D:10     | Noticed a death yak
  9646 | D:10     | Noticed a death yak
  9648 | D:10     | Killed a death yak
  9648 | D:10     | Noticed a death yak
  9661 | D:10     | Killed a death yak
  9667 | D:10     | Killed a death yak
  9671 | D:10     | Noticed a death yak
  9678 | D:10     | Killed a death yak
  9679 | D:10     | Reached skill level 11 in Maces & Flails
  9688 | D:10     | Killed a death yak
 10116 | D:10     | Found a staircase to the Lair.
 10145 | D:10     | Killed a death yak
 10146 | D:10     | HP: 3/71 [death yak (19)]
 10432 | Lair:1   | Entered Level 1 of the Lair of Beasts
 10442 | Lair:1   | Reached XP level 12. HP: 76/76 MP: 18/18
 10849 | Lair:1   | Found a sacrificial altar of Ru.
 10935 | Lair:1   | Reached skill level 12 in Maces & Flails
 11236 | Lair:1   | Reached **** piety under the Shining One
 11559 | Lair:2   | Reached skill level 10 in Armour
 11632 | Lair:2   | Reached skill level 10 in Fighting
 11800 | Lair:2   | Identified the +6 dire flail of Immorality {drain, +Blink
                  | Str+2}
 11901 | Lair:2   | Noticed a four-headed hydra
 11911 | Lair:2   | Killed a four-headed hydra
 12286 | Lair:2   | Identified the +8 mace of Anger {flame, rC+}
 12536 | Lair:2   | Noticed a skyshark
 12544 | Lair:2   | Killed a skyshark
 12745 | Lair:3   | Reached skill level 10 in Shields
 12829 | Lair:3   | Reached XP level 13. HP: 82/82 MP: 20/20
 12831 | Lair:3   | Found a staircase to the Snake Pit.
 12856 | Lair:3   | Found an ancient bone altar of Kikubaaqudgha.
 13025 | Lair:3   | Found a staircase to the Shoals.
 13259 | Lair:3   | Reached skill level 13 in Maces & Flails
 14261 | Lair:4   | Reached skill level 10 in Invocations
 14281 | Lair:4   | Identified the ring "Gaumoil" {rF+ Str+5 Int-3}
 14541 | Lair:4   | Found a viscous altar of Jiyva.
 14546 | Lair:4   | Found a staircase to the Slime Pits.
 14912 | Lair:5   | Entered Level 5 of the Lair of Beasts
 15344 | Lair:5   | Reached skill level 14 in Maces & Flails
 15384 | Lair:5   | Gained mutation: Your large and strong wings let you fly.
                  | [Gargoyle growth]
 15384 | Lair:5   | Reached XP level 14. HP: 34/90 MP: 18/21
 16967 | D:11     | Found a staircase to the Orcish Mines.
 17094 | D:11     | Identified the amulet "Gutwoitoa" {Regen+ Stlth+}
 17185 | D:11     | Reached ***** piety under the Shining One
 18196 | D:12     | Reached skill level 15 in Maces & Flails
 18462 | D:12     | Found Qayttiac's Book Shoppe.
 18491 | D:12     | Found Buts's Jewellery Shop.
 18861 | D:12     | Acquired 433 gold pieces
 18964 | D:13     | Identified the +10 quarterstaff of the Incandescent {spect,
                  | rN++ Int-2 Dex+4 Stlth+}
 19221 | D:13     | Found a portal to a secret trove of treasure.
 19567 | D:13     | Found a gate to the Vaults.
 19701 | D:14     | Noticed Snorg
 19708 | D:14     | Reached XP level 15. HP: 54/97 MP: 23/23
 20152 | D:14     | Killed Snorg
 21025 | D:14     | Found a glowing golden altar of the Shining One.
 21084 | D:15     | Entered Level 15 of the Dungeon
 21115 | D:15     | Found a viscous altar of Jiyva.
 21403 | D:15     | Found a staircase to the Depths.
 21459 | D:15     | Reached ****** piety under the Shining One
 21592 | D:15     | Reached skill level 16 in Maces & Flails
 21910 | Snake:1  | Entered Level 1 of the Snake Pit
 22177 | Snake:1  | You are sucked into a shaft and drop 1 floor!
 22349 | Snake:2  | HP: 2/98 [shock serpent/bolt of electricity (7)]
 23514 | Snake:1  | Identified the +3 robe of Suheni {rF+ Dex+3}
 23534 | Snake:1  | Slain by a naga mage

Illustrated notes

Levels and vault maps discovered:
D:1:      dpeg_arrival_more_subterranean_lakeside_camping, layout_loops_ring,
          serial_shops, nicolae_lakefront_shop, minmay_pentomino_p2
D:2:      layout_loops_ring, chequers_serial_rivers_micro_c,
          kennysheep_cluttered_room
D:3:      layout_loops_ring, amcnicky_mini_pool_small
D:4:      layout_basic, chei_slow_surprise, grunt_gozag_breadcrumbs,
          gup_sewer_entry_glass, kennysheep_minor_cross, kennysheep_orc_chapel
D:5:      cheibrodos_thug_alley, layout_basic,
          mainiacjoe_overflow_six_doors_small,
          chequers_temple_overflow_statue_of_worship, serial_shops,
          nicolae_shop_behind_doors, chequers_garden, minmay_fire_ice_demons
D:6:      layout_rooms, minmay_temple_entry_fiery
D:7:      layout_basic, tgw_sif, nicolae_uskayaw_suspiria,
          nicolae_houndstooth_variations, uniq_maggie
D:8:      layout_gridville, hangedman_decor_opposing, minmay_quadrilaterals,
          uniq_joseph
D:9:      layout_roguey
D:10:     layout_basic, dpeg_lair_monsters, uniq_lodul
D:11:     layout_roguey, erik_orc_1
D:12:     layout_irregular_city, serial_shops, nicolae_shop_gaudy_bauble,
          kennysheep_flooded_box, kennysheep_windowed_goal
D:13:     layout_roguey, ximxim_vaults_locker_room, nicolae_trove_entry_crystal
D:14:     layout_loops_ring, tso_altar, uniq_snorg
D:15:     gammafunk_enter_depths_forms, layout_basic, minivault_23,
          jiyva_altar_1
Temple:   zaba_magenta_temple
Lair:1:   layout_long_grid, basic_altar, st_stairs_5, grunt_megastairs_1,
          serial_bayou_shore_b, infiniplex_staircase_pool_2
Lair:2:   layout_regular_city
Lair:3:   layout_gridlike, minmay_shoals_entry_centaurs, dummy_snake_entry,
          basic_altar
Lair:4:   layout_regular_city, slime_entry_1, grunt_forest_small_clearing_treed
Lair:5:   minmay_lair_end_enchanted_forest, layout_long_grid, st_stairs_5,
          minmay_hedge_maze, grunt_megastairs_4
Snake:1:  layout_basic, serial_bayou_lagoon_a, nicolae_snake_gridmaze_zigzag
Snake:2:  layout_basic, uniq_asterion, uniq_donald

Skill      XL: |  1  2  3  4  5  6  7  8  9 10 11 12 13 14 15 |
---------------+----------------------------------------------+-----
Invocations    | 1 2 3 4 6 7 8 9 10 11 12 | 12.6
Maces & Flails | 3 4 5 6 8 9 11 12 14 15 16 | 16.0
Armour         | 4 5 6 7 8 9 10 11 12 13 | 13.5
Fighting       | 4 5 6 7 8 9 10 11 12 13 | 13.4
Shields        | 4 5 6 7 9 10 11 12 13 | 13.1
Dodging        | |  0.1

Action                     |  1- 3 |  4- 6 |  7- 9 | 10-12 | 13-15 || total
---------------------------+-------+-------+-------+-------+-------++-------
  Melee: Flail             |   110 |   191 |   490 |       |       ||   791
         Eveningstar       |       |       |    44 |   470 |  1089 ||  1603
  Throw: Dart              |       |       |       |     3 |     1 ||     4
 Invoke: Cleansing Flame   |       |       |       |     1 |     4 ||     5
         Divine Shield     |       |       |       |       |     1 ||     1
  Evoke: Wand              |       |       |       |     3 |     2 ||     5
    Use: Scroll            |       |     1 |     9 |    15 |    12 ||    37
         Potion            |       |     3 |     1 |     8 |     9 ||    21
 Armour: Scale mail        |    88 |   134 |   403 |       |       ||   625
         Chain mail        |       |       |    37 |       |       ||    37
         Swamp dragon scal |       |       |       |   224 |       ||   224
         Crystal plate arm |       |       |       |   182 |   628 ||   810
         Plate armour      |       |       |       |       |   279 ||   279
  Dodge: Dodged            |    60 |    99 |   229 |   150 |   169 ||   707
  Block: Buckler           |    27 |    33 |   139 |   249 |   435 ||   883
         Reflection        |       |       |       |     3 |    23 ||    26
         Kite shield       |       |       |       |       |   334 ||   334

Table legend: (Time is in decaauts)
 A = Elapsed time spent in this place.
 B = Non-inter-level travel time spent in this place.
 C = Inter-level travel time spent in this place.
 D = Time resting spent in this place.
 E = Time spent auto-exploring this place.
 F = Levels seen in this place.
 G = Mean time per level.
                   A        B        C        D        E       F      G
               +--------+--------+--------+--------+--------+-----+--------+
         Total |  23615 |  22450 |   1165 |   4106 |  13754 |  24 |  984.0 |
       Dungeon |  14614 |  13745 |    869 |   2148 |   8766 |  15 |  974.3 |
        Temple |      1 |      1 |      0 |      0 |      0 |   1 |    1.0 |
          Lair |   6427 |   6132 |    295 |   1309 |   3731 |   5 | 1285.4 |
     Snake Pit |   1577 |   1577 |      0 |    597 |    663 |   2 |  788.5 |
         Sewer |    995 |    995 |      0 |     52 |    593 |   1 |  995.0 |
               +--------+--------+--------+--------+--------+-----+--------+

Top non-repeatable levels by time:
  Lair:5: 1821 daAuts
     D:5: 1388 daAuts
 Snake:1: 1371 daAuts
     D:4: 1295 daAuts
  Lair:3: 1252 daAuts
     D:7: 1241 daAuts
  Lair:2: 1208 daAuts
    D:10: 1162 daAuts
    D:13: 1136 daAuts
  Lair:1: 1126 daAuts
    D:14: 1030 daAuts
  Lair:4: 1018 daAuts
   Sewer: 995 daAuts
     D:9: 921 daAuts
     D:1: 913 daAuts
